 Dungeon Crawl Stone Soup version 0.26-a0-812-g31a745ddcd (webtiles) character file.

Game seed: 3029194499612205358

200 Dracia the Ruffian (level 5, 0/36 HPs)
             Began as a Draconian Transmuter on Nov 30, 2020.
             Slain by Grinder (5 damage)
             ... while paralysed by Grinder
             ... on level 3 of the Dungeon.
             The game lasted 00:06:28 (2395 turns).

Dracia the Ruffian (Draconian Transmuter)           Turns: 2395, Time: 00:06:28

Health: 0/36       AC:  9    Str: 12    XL:     5   Next: 48%
Magic:  7/8        EV:  2    Int: 15    God:
Gold:   145        SH:  0    Dex: 11    Spells: 2/8 levels left

rFire    . . .     SeeInvis .     - Unarmed
rCold    . . .     Faith    .   (no shield)
rNeg     . . .     Spirit   .   (armour unavailable)
rPois    .         Reflect  .   (helmet currently unavailable)
rElec    .         Harm     .   b - +0 cloak
rCorr    .         Rampage  .   e - +2 pair of gloves
MR       .....                  (boots currently unavailable)
Stlth    +.........             d - amulet of regeneration
HPRegen  0.52/turn              (no ring)
MPRegen  0.11/turn              (no ring)

@: paralysed, brilliant, appendages, attractive
A: unfitting armour, claws 1, hooves 1, horns 2, frail 1, wild magic 1,
cold-blooded, AC +5
a: End Transformation


You were on level 3 of the Dungeon.
You had grown temporary horns.
You visited 1 branch of the dungeon, and saw 3 of its levels.

You collected 145 gold pieces.


Innate Abilities, Weirdness & Mutations

Your plain brown scales are hard. (AC +5)
You cannot fit into any form of body armour.
You are cold-blooded and may be slowed by cold attacks.
You have sharp fingernails.
You have large cloven feet.
You have a pair of horns on your head.
You are frail. (-10% HP)
Your spells are a little harder to cast, but a little more powerful.


   Skills:
 - Level 1.1 Fighting
 - Level 1.7 Dodging
 + Level 4.9 Unarmed Combat
 - Level 2.0 Spellcasting
 + Level 4.3 Transmutations


You had 2 spell levels left.
You knew the following spells:

 Your Spells              Type           Power        Failure   Level
a - Beastly Appendage     Tmut           ####..       6%          1
b - Wereblood             Tmut           ####....     10%         2
c - Spider Form           Tmut/Pois      ###.......   36%         3

Your spell library contained the following spells:

 Spells                   Type           Power        Failure   Level
 Ice Form                 Ice/Tmut       ###.....     75%         4
 Blade Hands              Tmut           ####......   78%         5

Inventory:

Armour
 a - a +0 pair of gloves
 b - a +0 cloak (worn)
 e - a +2 pair of gloves (worn)
 h - a +2 pair of boots of rampaging (melded)
Jewellery
 d - an amulet of regeneration (around neck)
Scrolls
 f - 2 scrolls of fear
 j - a scroll of noise
 m - a scroll of identify {@r1}
Potions
 c - a potion of brilliance
 g - a potion of flight

Dungeon Overview and Level Annotations

Branches:
Dungeon (3/15)

Altars:
Makhleb
Xom

Annotations:
D:3 Grinder

### #.#########
#.........# #.#######.#
#.#######.# #.#.......#
#.#.####### ##.#.......#
####..#..@....#
#.....#...5...#
##..#..##......#
#..#_#.##......#
#...#..####....#
#......# ##....#
#.####.#.......#
#######.####.#.########
.>....................##
########


You could see Grinder.


Message History

* * * LOW HITPOINT WARNING * * *
You writhe in agony.
* * * LOW HITPOINT WARNING * * *
Casting: Beastly Appendage (safe; 6% risk of failure)
Confirm with . or Enter, or press ? or * to list all spells.
You grow a pair of large bovine horns.
Your +2 pair of boots of rampaging melds into your body.
You no longer feel able to rampage towards enemies.
Grinder hits you but does no damage.
You closely miss Grinder. You kick Grinder, but do no damage.
Your tail-slap misses Grinder.
Grinder is severely wounded.
Grinder blinks!
It was a potion of brilliance.
You feel clever all of a sudden. Grinder is pulled toward you!
Grinder barely misses you.
You barely miss Grinder. Your kick misses Grinder.
Grinder is severely wounded.
Grinder hits you but does no damage.
You hit Grinder.
Your tail-slap misses Grinder.
Grinder is severely wounded.
Grinder gestures at you.
You suddenly lose the ability to move!
Grinder blinks!
Grinder is pulled toward you! Grinder gestures at you.
Pain shoots through your body!
* * * LOW HITPOINT WARNING * * *
Grinder hits you.
You die...

Skill      XL: |  1  2  3  4  5 |
---------------+----------------+-----
Transmutations | 3 4 |  4.3
Unarmed Combat | 4 |  4.9
Fighting       | |  1.1
Dodging        | |  1.7
Spellcasting   | |  2.0

Action                   |  1- 3 |  4- 6 || total
-------------------------+-------+-------++-------
Melee: Unarmed           |   124 |   106 ||   230
       Kick              |     9 |     5 ||    14
       Headbutt          |     9 |     1 ||    10
       Tailslap          |     6 |    11 ||    17
       Punch             |       |     1 ||     1
 Cast: Beastly Appendage |    14 |     6 ||    20
       Wereblood         |     2 |       ||     2
  Use: Potion            |       |    11 ||    11
       Scroll            |       |     6 ||     6
 Stab: Sleeping          |       |     2 ||     2
       Distracted        |       |     1 ||     1
Armor: Skin              |    58 |    43 ||   101
Dodge: Dodged            |   102 |    64 ||   166

Levels and vault maps discovered:
D:1:      roderic_dead_forest, layout_rooms, minmay_misc_feat_enclosed
D:2:      layout_loops_ring, nicolae_overflow_crystal_walls, marbit_many_paths,
          minmay_hedge_maze, uniq_crazy_yiuf_cottage
D:3:      layout_basic, lemuel_coloured_pillars_altar,
          chequers_ecumenical_altar_simple, uniq_grinder, uniq_natasha

Notes
Turn   | Place    | Note
-------+----------+-------------------------------------------
     0 | D:1      | Dracia the Draconian Transmuter began the quest for the
                  | Orb.
     0 | D:1      | Reached XP level 1. HP: 16/16 MP: 3/3
    71 | D:1      | Reached XP level 2. HP: 20/23 MP: 5/5
   125 | D:1      | Learned a level 2 spell: Wereblood
   457 | D:1      | Reached XP level 3. HP: 25/28 MP: 4/6
   739 | D:2      | Reached skill level 3 in Transmutations
   818 | D:2      | Found a shimmering altar of Xom.
   873 | D:2      | Reached skill level 4 in Unarmed Combat
  1043 | D:2      | Reached XP level 4. HP: 33/35 MP: 5/7
  1057 | D:2      | Learned a level 3 spell: Spider Form
  1260 | D:2      | Found a runed translucent door.
  1261 | D:2      | Noticed Crazy Yiuf
  1535 | D:2      | Found a burning altar of Makhleb.
  1751 | D:2      | Gained mutation: You have large cloven feet. [potion of
                  | mutation]
  1751 | D:2      | Gained mutation: You are weak. (Str -2) [potion of
                  | mutation]
  1751 | D:2      | Gained mutation: You have supernaturally acute eyesight.
                  | (SInv) [potion of mutation]
  1752 | D:2      | Lost mutation: You are weak. (Str -2) [potion of mutation]
  1752 | D:2      | Lost mutation: You have supernaturally acute eyesight.
                  | (SInv) [potion of mutation]
  1752 | D:2      | Gained mutation: You are frail. (-10% HP) [potion of
                  | mutation]
  1752 | D:2      | Gained mutation: Your tail ends in a poisonous barb.
                  | [potion of mutation]
  1752 | D:2      | Gained mutation: You are agile. (Dex +2) [potion of
                  | mutation]
  1753 | D:2      | Lost mutation: You are frail. (-10% HP) [potion of
                  | mutation]
  1753 | D:2      | Lost mutation: Your tail ends in a poisonous barb. [potion
                  | of mutation]
  1753 | D:2      | Gained mutation: You are dopey. (Int -2) [potion of
                  | mutation]
  1753 | D:2      | Gained mutation: You are frail. (-10% HP) [potion of
                  | mutation]
  1753 | D:2      | Gained mutation: You expend magic power (3 MP) to
                  | strengthen your wands. [potion of mutation]
  1761 | D:2      | Killed Crazy Yiuf
  1957 | D:3      | Lost mutation: You are agile. (Dex +2) [potion of mutation]
  1957 | D:3      | Lost mutation: You expend magic power (3 MP) to strengthen
                  | your wands. [potion of mutation]
  1957 | D:3      | Lost mutation: You are dopey. (Int -2) [potion of mutation]
  1957 | D:3      | Gained mutation: Your spells are a little harder to cast,
                  | but a little more powerful. [potion of mutation]
  1957 | D:3      | Gained mutation: You have sharp fingernails. [potion of
                  | mutation]
  2031 | D:3      | Reached XP level 5. HP: 36/36 MP: 8/8
  2107 | D:3      | Found a faded altar of an unknown god.
  2184 | D:3      | Noticed Natasha
  2196 | D:3      | Killed Natasha
  2196 | D:3      | Reached skill level 4 in Transmutations
  2304 | D:3      | Noticed Natasha
  2312 | D:3      | Killed Natasha
  2362 | D:3      | Noticed Grinder
  2366 | D:3      | Paralysed by Grinder for 4 turns
  2376 | D:3      | Paralysed by Grinder for 4 turns
  2392 | D:3      | Paralysed by Grinder for 6 turns
  2395 | D:3      | Slain by Grinder

Vanquished Creatures
  Crazy Yiuf (D:2)
  Natasha (twice) (D:3)
  6 adders
  3 worms
  A dart slug (D:1)
  5 leopard geckos
  3 giant cockroaches
  5 goblins
  7 hobgoblins
  3 jackals (D:1)
  2 quokkas
  2 ball pythons
  9 bats
  3 frilled lizards
  3 kobolds
  3 rats
58 creatures vanquished.

Table legend: (Time is in decaauts)
 A = Elapsed time spent in this place.
 B = Non-inter-level travel time spent in this place.
 C = Inter-level travel time spent in this place.
 D = Time resting spent in this place.
 E = Time spent auto-exploring this place.
 F = Levels seen in this place.
 G = Mean time per level.
                   A        B        C        D        E       F      G
               +--------+--------+--------+--------+--------+-----+--------+
         Total |   2365 |   2310 |     55 |      0 |   1844 |   3 |  788.3 |
       Dungeon |   2365 |   2310 |     55 |      0 |   1844 |   3 |  788.3 |
               +--------+--------+--------+--------+--------+-----+--------+

Top non-repeatable levels by time:
     D:2: 1115 daAuts
     D:1: 660 daAuts
     D:3: 588 daAuts

Table legend:
 A = Non-vault XP
 B = Vault XP
 C = Vault XP percentage of total XP
 D = Non-vault monster count
 E = Vault monster count
 F = Vault count percentage of total count
                 A         B        C        D         E       F
            +---------+---------+-------+---------+---------+-------
      Total |     201 |      85 |  29.7 |      55 |       3 |   5.2
            +---------+---------+-------+---------+---------+-------
        D:1 |      46 |       0 |   0.0 |      24 |       0 |   0.0
        D:2 |      80 |      50 |  38.5 |      18 |       2 |  10.0
        D:3 |      75 |      35 |  31.8 |      13 |       1 |   7.1
            +---------+---------+-------+---------+---------+-------
